Map: Incorporeal LE

Players

KimChiLoVer - Winner!

  • Race: Terran Terran
  • Spawn Location: 5:00

A.I. 1 (Elite)

  • Race: Terran Terran
  • Spawn Location: 11:00

VOD

Have the link to the VOD?

Description

Time

  • Played on: Aug. 4, 2025, 9:38 p.m.
  • Length: 15:09
Show
View Real Time Build Order
Export as new Build Order

KimChiLoVer Terran - Winner!

Build Orders: Reaper Expand, Mech 

Get SALT Encoding   

  12  0:00  SCV  
  13  0:15  SCV  
  13  0:17  Supply Depot  
  14  0:27  SCV  
  15  0:39  SCV  
  16  0:47  Barracks  
  16  0:51  Refinery  
  16  0:52  SCV  
  17  1:04  SCV  
  18  1:20  SCV  
  19  1:35  Orbital Command  
  19  1:37  Reaper  
  20  1:56  Command Center  
  20  2:06  SCV  
  21  2:14  Factory  
  21  2:18  Refinery, SCV  
  21  2:30  SCV  
  21  2:33  Barracks Reactor  
  22  2:43  SCV  
  23  2:46  Supply Depot  
  22  2:55  SCV  
  23  2:59  Command Center  
  23  3:00  Factory Tech Lab  
  23  3:06  Starport  
  23  3:09  SCV  
  24  3:16  Orbital Command  
  24  3:21  SCV  
  25  3:27  Cyclone  
  25  3:31  Reaper  
  29  3:35  SCV  
  30  3:42  SCV  
  30  3:47  SCV  
  32  3:51  Viking  
  32  3:52  Refinery  
  32  3:55  SCV  
  35  3:59  SCV  
  36  4:10  Siege Tank  
  36  4:12  Barracks Tech Lab  
  36  4:13  Orbital Command  
  39  4:18  SCV  
  39  4:20  SCV  
  39  4:21  Refinery  
  41  4:25  Viking  
  41  4:31  SCV  
  44  4:33  SCV, Supply Depot  
  44  4:37  Engineering Bay  
  45  4:43  SCV  
  45  4:45  SCV  
  47  4:46  Siege Tank  
  47  4:52  Factory  
  50  4:55  SCV  
  51  5:07  SCV  
  52  5:19  SCV  
  53  5:25  SCV  
  53  5:27  Missile Turret  
  54  5:29  Viking x2  
  54  5:31  SCV  
  59  5:37  SCV  
  59  5:39  SCV, Supply Depot  
  59  5:40  Command Center, Siege Tank  
  64  5:43  SCV  
  64  5:46  Supply Depot  
  65  5:51  SCV  
  65  5:55  SCV  
  67  6:03  Orbital Command  
  67  6:07  SCV  
  68  6:11  Armory  
  68  6:19  Viking x2, SCV  
  68  6:20  Siege Tank x2  
  68  6:25  Refinery  
  79  6:26  Factory  
  79  6:28  Refinery, Factory  
  79  6:32  SCV  
  80  6:33  Supply Depot  
  80  6:35  SCV  
  81  6:44  SCV  
  82  6:47  SCV  
  82  6:49  Missile Turret  
  82  6:51  SCV  
  82  6:52  Missile Turret  
  82  6:53  Orbital Command  
  84  6:55  Supply Depot  
  84  6:56  Siege Tank, SCV  
  84  6:59  Armory, SCV  
  89  7:03  SCV  
  89  7:08  SCV  
  91  7:09  Sensor Tower  
  91  7:11  SCV  
  93  7:15  SCV  
  93  7:19  Sensor Tower, SCV  
  93  7:20  SCV  
  95  7:23  SCV  
  95  7:24  Factory Tech Lab x2  
  95  7:27  SCV  
  97  7:30  Factory  
  97  7:32  Factory, SCV  
  97  7:36  Orbital Command, SCV  
  100  7:39  SCV  
  100  7:41  Refinery  
  100  7:44  Terran Vehicle Weapons Level 1, SCV, Supply Depot  
  100  7:45  Supply Depot  
  100  7:46  Refinery, Siege Tank x3, Supply Depot  
  100  7:48  SCV  
  111  7:51  Viking x2  
  111  7:52  SCV  
  111  7:56  Starport  
  116  8:04  Terran Vehicle And Ship Armor Level 1  
  116  8:05  SCV x2  
  116  8:08  Armory  
  116  8:09  Supply Depot  
  118  8:15  SCV  
  118  8:17  SCV, Supply Depot  
  118  8:18  SCV  
  121  8:21  Factory Tech Lab, Siege Tank x2  
  121  8:22  Factory Tech Lab  
  121  8:24  Smart Servos  
  127  8:29  SCV  
  127  8:30  SCV, Supply Depot  
  127  8:31  SCV x2  
  131  8:41  SCV  
  128  8:53  SCV, Supply Depot  
  107  8:56  Siege Tank x2  
  107  8:57  Siege Tank x2  
  107  8:58  Hellion x2  
  113  9:08  Orbital Command  
  113  9:09  Command Center  
  109  9:14  Sensor Tower  
  109  9:19  Hellion x2  
  113  9:25  Starport Reactor  
  113  9:27  Viking x2  
  113  9:29  Hellion x4  
  125  9:31  Supply Depot  
  125  9:37  SCV  
  126  9:41  Hellion x2  
  126  9:44  SCV x3  
  133  9:45  Terran Vehicle Weapons Level 2  
  133  9:46  Terran Ship Weapons Level 1  
  133  9:49  Refinery, SCV  
  133  9:50  Hellion  
  133  9:52  Infernal Pre-Igniter  
  136  9:57  Viking x2, Supply Depot  
  136  9:59  Supply Depot  
  140  10:01  SCV  
  141  10:12  Liberator x2  
  147  10:18  Supply Depot  
  139  10:40  Orbital Command  
  131  10:53  Siege Tank  
  131  10:54  Siege Tank  
  131  10:55  Hellion x4  
  145  11:10  SCV  
  146  11:11  Sensor Tower  
  146  11:12  Missile Turret  
  146  11:14  Terran Vehicle And Ship Armor Level 2  
  146  11:16  Thor x2, Hellion  
  160  11:21  Liberator  
  160  11:22  Viking, SCV, Liberator  
  169  11:30  Command Center  
  169  11:33  Command Center  
  169  11:35  SCV x2  
  171  11:52  Supply Depot  
  171  11:53  Fusion Core  
  171  11:54  Supply Depot  
  171  11:55  Neosteel Armor, Supply Depot  
  153  12:33  Siege Tank x3  
  153  12:34  Hellion, Siege Tank  
  153  12:35  Hellion  
  153  12:36  Drilling Claws  
  169  12:44  Supply Depot  
  169  12:56  Widow Mine x2  
  173  13:01  Missile Turret  
  173  13:02  Missile Turret  
  173  13:03  Missile Turret  
  173  13:06  Widow Mine, Missile Turret x2  
  175  13:30  Siege Tank x4  
  175  13:31  Siege Tank x2  
  193  13:35  Hi-Sec Auto Tracking  
  193  13:40  Planetary Fortress  
  193  13:44  Refinery  
  193  13:45  Refinery  
  185  14:02  Siege Tank x3  
  187  14:16  Hellion x3  
  181  14:35  Hellion x3  
  181  14:37  Widow Mine x2  
  181  14:38  Widow Mine  
Show
View Real Time Build Order
Export as new Build Order

A.I. 1 (Elite) Terran 

Build Orders:  

Get SALT Encoding   

  12  0:00  SCV  
  13  0:13  SCV  
  14  0:18  Supply Depot  
  14  0:25  SCV  
  15  0:40  SCV  
  15  0:42  Barracks  
  16  0:52  SCV  
  17  1:04  SCV  
  18  1:15  Supply Depot  
  18  1:16  SCV  
  19  1:21  Refinery  
  19  1:28  SCV  
  19  1:29  Marine  
  21  1:40  SCV  
  22  1:47  Marine  
  22  1:51  Barracks  
  22  1:53  SCV  
  24  1:55  Refinery  
  24  2:02  Supply Depot  
  24  2:05  SCV, Marine  
  26  2:17  SCV  
  27  2:22  Marine  
  27  2:25  Factory  
  27  2:29  SCV  
  29  2:37  Marine  
  29  2:40  Marine  
  29  2:41  SCV  
  32  2:53  SCV  
  32  2:55  Marine  
  32  2:58  Marine  
  34  3:05  SCV  
  36  3:09  Barracks  
  36  3:13  Marine  
  36  3:17  Barracks Tech Lab, SCV  
  38  3:20  Factory Tech Lab  
  38  3:29  SCV  
  38  3:31  Barracks Tech Lab, Supply Depot  
  39  3:52  Stimpack, SCV, Marine x2  
  42  4:03  Combat Shield  
  42  4:04  SCV  
  43  4:17  SCV  
  44  4:24  Supply Depot  
  44  4:29  SCV  
  45  4:40  Marauder  
  45  4:41  Barracks Reactor, Supply Depot  
  45  4:44  Barracks  
  47  4:46  Marauder, SCV  
  47  4:52  Command Center, Starport  
  50  5:01  Marauder  
  50  5:06  Orbital Command  
  52  5:07  Marine  
  51  5:17  Marine  
  51  5:23  Marauder, Engineering Bay  
  53  5:34  Marauder  
  55  5:38  Starport Reactor  
  55  5:44  Marauder  
  57  5:50  Terran Infantry Weapons Level 1, Supply Depot  
  57  5:55  Marauder  
  58  6:04  Marine  
  58  6:06  Marauder  
  58  6:07  Concussive Shells, Engineering Bay  
  58  6:09  Marine  
  62  6:17  Marauder  
  64  6:21  Supply Depot  
  64  6:22  SCV  
  64  6:23  SCV  
  66  6:33  Terran Infantry Armor Level 1  
  66  6:34  SCV  
  66  6:35  SCV  
  68  6:46  SCV  
  69  6:48  SCV  
  69  6:51  Marauder, Siege Tank  
  75  6:58  SCV  
  75  7:00  Orbital Command, Missile Turret  
  76  7:07  Command Center  
  75  7:15  SCV  
  76  7:20  Missile Turret  
  76  7:23  Siege Tank, Medivac  
  76  7:27  SCV  
  82  7:32  SCV, Supply Depot  
  83  7:37  Medivac  
  83  7:39  SCV, Marine  
  83  7:41  Marine  
  87  7:53  Missile Turret  
  87  7:56  Widow Mine  
  87  7:57  Marauder  
  91  8:02  Supply Depot  
  93  8:05  Marauder  
  93  8:12  Missile Turret  
  93  8:17  Widow Mine  
  95  8:21  Refinery, SCV  
  95  8:24  SCV  
  95  8:27  SCV  
  98  8:32  Refinery  
  98  8:34  SCV  
  99  8:37  SCV  
  99  8:38  Widow Mine  
  99  8:39  SCV  
  99  8:41  Liberator  
  105  8:46  SCV  
  105  8:47  Viking  
  107  8:49  SCV  
  107  8:52  SCV, Supply Depot  
  103  8:57  Marine  
  103  8:58  SCV  
  103  8:59  Marine  
  103  9:00  Marine  
  103  9:01  Marine, SCV  
  96  9:02  Marine  
  96  9:06  SCV  
  98  9:10  SCV  
  98  9:13  SCV  
  98  9:15  Marine  
  98  9:17  Viking, Marine  
  101  9:18  Marine, SCV  
  101  9:19  Marine  
  101  9:21  Marine  
  101  9:22  SCV  
  101  9:24  Viking  
  111  9:25  SCV  
  111  9:30  SCV  
  113  9:33  Marine  
  113  9:34  SCV  
  113  9:37  SCV, Supply Depot  
  116  9:42  SCV  
  116  9:44  Marine  
  116  9:45  Marine  
  118  9:46  SCV  
  118  9:47  Viking  
  118  9:49  SCV  
  118  9:51  Siege Tank  
  126  9:53  Liberator  
  126  9:59  Armory  
  129  10:02  Supply Depot  
  129  10:05  Orbital Command  
  129  10:09  Missile Turret  
  129  10:11  Missile Turret  
  129  10:12  Marine  
  129  10:13  Marine  
  131  10:17  Medivac  
  131  10:22  SCV  
  131  10:23  Siege Tank, SCV  
  126  10:31  Marauder, SCV, Supply Depot  
  126  10:34  SCV  
  126  10:35  SCV  
  126  10:36  Liberator  
  128  10:43  SCV, Marine  
  128  10:46  SCV  
  128  10:47  Missile Turret, Medivac  
  128  10:48  Terran Infantry Weapons Level 2, SCV  
  134  10:55  Siege Tank, SCV  
  138  10:58  Command Center  
  137  11:08  SCV, Supply Depot  
  137  11:10  SCV  
  139  11:11  SCV  
  139  11:17  Liberator  
  143  11:19  Liberator  
  143  11:20  SCV  
  143  11:22  SCV  
  143  11:23  SCV  
  149  11:27  Widow Mine  
  149  11:32  SCV  
  152  11:34  Supply Depot  
  152  11:39  Refinery  
  152  11:41  Refinery  
  152  11:44  Factory  
  152  11:48  Siege Tank  
  149  11:57  Marine  
  149  12:00  Viking, Marine x4  
  149  12:01  SCV  
  130  12:02  Medivac  
  130  12:03  SCV  
  130  12:04  SCV  
  110  12:13  SCV x2  
  109  12:15  SCV, Marine  
  109  12:17  Refinery, Marine  
  109  12:18  Marine x2, SCV  
  109  12:19  Marauder  
  109  12:21  Hellion  
  106  12:25  SCV  
  106  12:28  Hellion  
  107  12:30  Viking  
  107  12:33  Marine  
  107  12:34  Viking  
  107  12:35  Marine  
  107  12:36  Marauder, Marine  
  116  12:40  Marauder  
  116  12:42  Siege Tank  
  121  12:49  Hellion  
  121  12:50  Refinery  
  123  13:00  Viking  
  123  13:04  Liberator  
  128  13:11  Hellion  
  130  13:14  Siege Tank  
  133  13:30  Viking  
  133  13:32  Hellion  
  133  13:33  SCV  
  137  13:44  Armory  
  137  13:46  Siege Tank  
  137  13:47  Viking  
  139  13:51  Marauder, Factory, Marine x2  
  139  13:52  Marine  
  139  13:53  Hellion, Marauder, Missile Turret  
  121  14:00  Viking  
  112  14:07  SCV  
  112  14:08  Marine, SCV  
  112  14:09  Marine  
  101  14:10  Marine  
  101  14:11  SCV  
  101  14:12  Marauder  
  101  14:13  Marine  
  101  14:15  Hellion  
  89  14:18  Siege Tank  
  89  14:19  SCV  
  89  14:20  SCV  
  89  14:23  SCV  
  77  14:26  Marine  
  77  14:27  Marine x2  
  75  14:32  Marauder, SCV x2  
  75  14:34  Marauder  
  75  14:35  SCV  
  70  14:44  Marine x2, SCV  
  54  14:45  Marine  
  54  14:48  SCV  
  45  14:56  SCV  
Tags
 
Composition
Mech
Matchup
TvT
Race
Terran
Spawn Locations
Cross Positions
Add a new tag
Caveats
  • Supply blocks, unpowered buildings, or Contaminate may cause inaccurate times.
  • Supply counts are checked every 10 seconds.